 Dungeon Crawl Stone Soup version 0.22.0-6-g71bd7aa (webtiles) character file.

11312 doot the Carver (level 11, -7/142 HPs)
             Began as a Purple Draconian Chaos Knight on Aug 14, 2018.
             Was a Priest of Qazlal.
             Mangled by a red devil
             ... wielding a +0 trident
              (8 damage)
             ... on level 10 of the Dungeon on Aug 15, 2018.
             The game lasted 01:18:26 (13848 turns).

doot the Carver (Purple Draconian Chaos Knight)    Turns: 13848, Time: 01:18:27

Health: -7/142     AC: 25    Str: 17    XL:     11   Next: 47%
Magic:  2/14       EV:  2    Int: 14    God:    Qazlal [***...]
Gold:   302        SH:  4    Dex: 14    Spells: 6/14 levels left

rFire    . . .     SeeInvis .   a - +0 long sword (holy)
rCold    . . .     Gourm    .   (no shield)
rNeg     + + +     Faith    +   (armour unavailable)
rPois    +         Spirit   .   (helmet currently unavailable)
rElec    .         Reflect  .   (cloak currently unavailable)
rCorr    .         Harm     .   (gloves currently unavailable)
MR       +....     Rnd*Rage +   (boots currently unavailable) Stlth ++........NoTele +
                                d - amulet of faith
HPRegen  0.33/turn              y - ring of wizardry
MPRegen  0.14/turn              p - ring of wizardry

@: short of breath, tree-form, weakened
A: (breathe power), unfitting armour, agile 1, berserk 1, clever 1, sense
surroundings 1, wild magic 1, evolution 1, AC +7
a: Upheaval, Elemental Force, Renounce Religion


You were on level 10 of the Dungeon.
You worshipped Qazlal.
Qazlal was most pleased with you.
You were hungry.
You were a tree.
You visited 2 branches of the dungeon, and saw 12 of its levels.
You also visited: Bailey.

You collected 575 gold pieces.
You spent 273 gold pieces at shops.

Inventory:

Hand Weapons
 a - a +0 long sword of holy wrath (weapon)
 b - a +1 rapier of electrocution
 m - a +0 halberd of freezing
 n - the cursed +1 war axe of Mandamus {freeze, rC+ Int+4}
   (You found it on level 11 of the Dungeon)

   It has been specially enchanted to freeze those struck by it, causing extra
   injury to most foes and up to half again as much damage against particularly
   susceptible opponents.
   It can also slow down cold-blooded creatures.
   It affects your intelligence (+4).
   It protects you from cold.
   It has a curse placed upon it.
 w - a +1 falchion of chaos
 E - a +1 morningstar of protection
Armour
 r - a +0 pair of boots (melded)
 t - a +0 cloak (melded)
 v - a +0 pair of gloves (melded)
 A - a +0 cloak
Jewellery
 d - an amulet of faith (around neck)
 g - an uncursed amulet of regeneration
 h - an uncursed ring of stealth
 p - a ring of wizardry (right branch)
 u - an uncursed ring of resist corrosion
 y - a ring of wizardry (left branch)
 D - a +2 ring of protection
Wands
 B - a wand of random effects (17)
 C - a wand of flame (14)
 G - a wand of paralysis (12)
Scrolls
 c - a scroll of fear
 f - 2 scrolls of enchant weapon
 i - 12 scrolls of identify
 j - 4 scrolls of amnesia
 o - 5 scrolls of remove curse
 q - 2 scrolls of fog
 s - 5 scrolls of immolation
 x - 3 scrolls of enchant armour
Potions
 e - a potion of lignification
 k - a potion of magic
 z - a potion of brilliance
Comestibles
 F - 23 rations


   Skills:
 + Level 8.7 Fighting
 + Level 4.7(8.3) Short Blades
 + Level 10.6(11.0) Long Blades
 + Level 0.1 Throwing
 + Level 7.8 Dodging
 + Level 6.8 Stealth
 + Level 2.3 Spellcasting
 * Level 4.3 Conjurations
 + Level 2.0 Charms
 + Level 1.8 Necromancy
 * Level 0.7 Poison Magic
 * Level 1.5 Invocations


You had 6 spell levels left.
You knew the following spells:

 Your Spells              Type           Power        Failure   Level  Hunger
a - Regeneration          Chrm/Necr      #.........   11%         3    ###....
b - Venom Bolt            Conj/Pois      ##........   54%         5    ######.

Your spell library contained the following spells:

 Spells                   Type           Power        Failure   Level  Hunger
 Bolt of Magma            Conj/Fire/Erth #.........   67%         5    ######.
 Animate Dead             Necr           N/A          32%         4    #####..
 Pain                     Necr           #...         4%          1    #......
 Animate Skeleton         Necr           N/A          4%          1    #......
 Vampiric Draining        Necr           #.........   12%         3    ###....
 Iron Shot                Conj/Erth      ##........   97%         6    #######
 Orb of Destruction       Conj           ###.......   100%        7    #######
 Iskenderun's Battlesphe  Conj/Chrm      ##......     45%         5    ######.
 Spellforged Servitor     Conj/Summ      ##........   100%        7    #######


Dungeon Overview and Level Annotations

Branches:
Dungeon (11/15)            Temple (1/1) D:7            Lair (0/6) D:10
    Orc: D:9-12

Altars:
Dithmenos
Elyvilon
Fedhas
Gozag
Makhleb
Qazlal
Ru
Trog
Uskayaw
Xom

Shops:
D:4 }   D:6 *   D:10 (


Innate Abilities, Weirdness & Mutations

((You can breathe bolts of dispelling energy.))
((Your rich purple scales are hard. (AC +7)))
You cannot fit into any form of body armour.
((You are cold-blooded and may be slowed by cold attacks.))
((Your large and strong wings let you fly indefinitely.))
((Your tail ends in a poisonous barb.))
You are agile. (Dex +2)
You tend to lose your temper in combat.
((You can translocate small distances at will.))
Your mind is acute. (Int +2)
You passively map a small area around you.
((You are resistant to electric shocks. (rElec)))
Your spells are a little harder to cast, but a little more powerful.
You evolve.


Message History

Aim: a red devil, wielding a trident (heavily wounded, encased in ice)
The ground shakes violently, spewing rubble!
The blast of rubble hits the red devil.
The red devil is almost dead.
The red devil hits you but does no damage.
You don't have enough magic at the moment.
Evoke which item? (* to show all) (? for menu, Esc to quit)
Aiming: Random Effects
Press: ? - help, Shift-Dir - straight line, f/p - red devil
Aim: a red devil, wielding a trident (almost dead, encased in ice)
The red devil resists with almost no effort.
The red devil hits you from afar with a trident!
* * * LOW HITPOINT WARNING * * *
Evoke which item? (* to show all) (? for menu, Esc to quit)
Aiming: Random Effects
Press: ? - help, Shift-Dir - straight line, f/p - red devil
Aim: a red devil, wielding a trident (almost dead, encased in ice)
The red devil resists with almost no effort.
The red devil hits you from afar with a trident!
You die...

## ####################### ###
.# #.........).♣.4.......# #.#
.# #........###§.........# #.#
.# #........# #).........# #.#
.# #........# #..........# #.#
.####........###..........# #.#
......................>...###.#
..............................#
.#######......................#
.# #..###....######..######


You could see a red devil.

Vanquished Creatures
  A two-headed ogre (D:9)
  A death yak (D:9)
  Pikel (D:4)
  Joseph (D:8)
  2 orange demons
  A gargoyle (D:9)
  A troll (D:10)
  2 dream sheep
  3 hippogriffs
  A wyvern (D:9)
  2 yaks (D:9)
  A steam dragon (D:10)
  A hungry ghost (D:11)
  A warg (D:10)
  A swamp worm (D:7)
  Duvessa (D:6)
  5 orc warriors
  A slave (D:3)
  3 sky beasts
  3 ice beasts
  2 black bears
  8 ogres
  4 necrophages
  A phantom (D:4)
  7 centaurs
  3 big kobolds
  5 bullfrogs
  A wyvern zombie (D:10)
  Dowan (D:6)
  3 scorpions
  A water moccasin skeleton (D:5)
  14 killer bees
  4 wights
  A howler monkey (D:6)
  2 crimson imps (D:6)
  A quasit (D:11)
  6 jellies
  11 orc wizards
  5 orc priests
  A gnoll shaman (D:9)
  6 hounds
  A bullfrog skeleton (D:6)
  3 iguanas
  10 worker ants
  2 killer bee zombies
  A hound zombie (D:11)
  2 hound skeletons
  A howler monkey zombie (D:9)
  2 howler monkey skeletons
  17 gnolls
  5 adders
  2 shadow imps
  An ooze (D:6)
  4 adder skeletons
  3 adder zombies
  3 worms
  2 dart slugs (D:3)
  8 leopard geckos
  28 orcs
  7 giant cockroaches
  15 goblins
  12 hobgoblins
  16 jackals
  10 kobolds
  5 quokkas
  A ball python (D:1)
  11 bats
  8 frilled lizards
  2 leopard gecko skeletons
  A leopard gecko zombie (D:6)
  2 quokka skeletons
  7 rats
312 creatures vanquished.

Vanquished Creatures (others)
  An orc wizard (D:8)
  A hound skeleton (D:9)
  2 orcs
  2 plants (D:10)
6 creatures vanquished.

Grand Total: 318 creatures vanquished

Notes
Turn   | Place    | Note
-------+----------+-------------------------------------------
     0 | D:1      | doot the Draconian Chaos Knight began the quest for the Orb.
     0 | D:1      | Reached XP level 1. HP: 19/19 MP: 1/1
    22 | D:1      | XOM: potion effect (might)
    99 | D:1      | Reached XP level 2. HP: 26/26 MP: 2/2
   306 | D:1      | XOM: butterfly on damage
   390 | D:1      | XOM: harmless Tloc miscast
   461 | D:1      | XOM: harmless Hex miscast
   520 | D:1      | XOM: harmless Pois miscast
   671 | D:2      | Reached XP level 3. HP: 24/33 MP: 3/3
   814 | D:1      | XOM: stat loss: -1 Int (11/12)
  1153 | D:2      | XOM: give mutations
  1153 | D:2      | Gained mutation: Your mind is acute. (Int +2) [Xom's grace]
  1153 | D:2      | Gained mutation: Your large and strong wings let you fly indefinitely. [Xom's grace]
  1153 | D:2      | Gained mutation: You are robust. (+10% HP) [Xom's grace]
  1380 | D:2      | Reached skill level 4 in Long Blades
  1393 | D:2      | Reached XP level 4. HP: 18/44 MP: 4/4
  1462 | D:2      | XOM: cleaving
  1471 | D:2      | XOM: enchant monster (good)
  1624 | D:2      | XOM: god gift: ration
  1813 | D:3      | XOM: god gift: 13 bolts
  1816 | D:3      | Reached skill level 1 in Stealth
  1975 | D:3      | Reached XP level 5. HP: 47/50 MP: 5/5
  2076 | D:3      | Noticed an ogre
  2088 | D:3      | XOM: scenery: create altars
  2092 | D:3      | XOM: repel stairs
  2097 | D:3      | Killed an ogre
  2194 | D:3      | Noticed a crocodile
  2194 | D:3      | a worm changed into a crocodile
  2194 | D:3      | XOM: polymorph worm -> crocodile
  2199 | D:3      | Noticed a sky beast
  2204 | D:3      | Noticed a wolf
  2204 | D:3      | a sky beast changed into a wolf
  2209 | D:3      | a wolf changed into an ooze
  2214 | D:3      | XOM: 1-stop teleportation journey
  2298 | D:2      | Reached XP level 6. HP: 58/58 MP: 6/6
  2562 | D:3      | Noticed a merfolk
  2572 | D:3      | Noticed a manticore
  2572 | D:3      | a merfolk changed into a manticore
  2574 | D:3      | XOM: enchant monster (good)
  2576 | D:3      | Noticed a salamander
  2576 | D:3      | a manticore changed into a salamander
  2581 | D:3      | Noticed a jumping spider
  2583 | D:3      | XOM: potion effect (brilliance)
  2584 | D:3      | Noticed a cyclops
  2584 | D:3      | a jumping spider changed into a cyclops
  2586 | D:3      | Noticed a snapping turtle
  2586 | D:3      | a cyclops changed into a snapping turtle
  2615 | D:3      | XOM: polymorph orc wizard -> jelly
  2658 | D:3      | XOM: swap monsters
  2663 | D:3      | Reached skill level 5 in Long Blades
  2781 | D:3      | Noticed a water moccasin
  2813 | D:3      | Noticed a sky beast
  2813 | D:3      | a scorpion changed into a sky beast
  2814 | D:3      | a sky beast changed into a big kobold
  2817 | D:3      | Noticed a hog
  2817 | D:3      | a big kobold changed into a hog
  2817 | D:3      | XOM: polymorph big kobold -> hog
  2818 | D:3      | Noticed a spiny frog
  2818 | D:3      | a hog changed into a spiny frog
  2818 | D:3      | XOM: polymorph hog -> spiny frog
  2818 | D:3      | Noticed a salamander
  2818 | D:3      | a spiny frog changed into a salamander
  3084 | D:4      | XOM: 1-stop teleportation journey
  3240 | D:4      | Found Epteful's Gadget Shoppe.
  3281 | D:4      | Noticed a slave
  3281 | D:4      | Noticed a slave
  3286 | D:4      | Noticed Pikel
  3315 | D:3      | Killed a slave
  3329 | D:4      | Noticed a slave
  3330 | D:4      | Noticed a slave
  3335 | D:4      | Killed Pikel
  3335 | D:4      | Reached skill level 5 in Fighting
  3335 | D:4      | Your scales start taking on a rich purple colour.
  3335 | D:4      | Reached XP level 7. HP: 53/67 MP: 7/7
  3361 | D:4      | XOM: noise
  3368 | D:4      | XOM: chaos cloud
  3390 | D:4      | Reached skill level 6 in Long Blades
  3390 | D:4      | Reached XP level 8. HP: 60/74 MP: 8/8
  3571 | D:4      | XOM: summons 4 hostile demons
  3585 | D:4      | XOM: harmless Tmut miscast
  3669 | D:5      | Entered Level 5 of the Dungeon
  3686 | D:5      | XOM: harmless Pois miscast
  3778 | D:5      | Reached skill level 5 in Stealth
  3801 | D:5      | Reached skill level 5 in Dodging
  3836 | D:5      | XOM: destruction
  4270 | D:5      | XOM: give mutation
  4270 | D:5      | Gained mutation: Your tail ends in a poisonous barb. [Xom's grace]
  4300 | D:6      | Found an opulent altar of Gozag.
  4338 | D:6      | XOM: scenery: create altars
  4436 | D:6      | Found Wanaesas's General Store.
  4441 | D:6      | Bought a scroll of enchant armour for 90 gold pieces
  4441 | D:6      | Bought a scroll of identify for 24 gold pieces
  4441 | D:6      | Bought a scroll of remove curse for 36 gold pieces
  4457 | D:6      | Reached skill level 7 in Long Blades
  4479 | D:6      | Noticed Duvessa
  4479 | D:6      | Noticed Dowan
  4529 | D:6      | XOM: cast spell 'Summon Butterflies'
  4554 | D:6      | Killed Duvessa
  4556 | D:6      | Killed Dowan
  4876 | D:6      | XOM: mild Necr miscast
  4986 | D:6      | XOM: 1-stop teleportation journey
  5308 | D:6      | XOM: 2-stop teleportation journey
  5390 | D:6      | XOM: smoke on damage
  5398 | D:6      | XOM: polymorph jelly -> ooze
  5616 | D:7      | Found a hide-covered altar of Uskayaw.
  5616 | D:7      | Found a white marble altar of Elyvilon.
  5616 | D:7      | Found a shadowy altar of Dithmenos.
  5646 | D:7      | Found a bloodstained altar of Trog.
  5647 | D:7      | Found a staircase to the Ecumenical Temple.
  5656 | Temple   | Entered the Ecumenical Temple
  5712 | Temple   | Fell from the grace of Xom
  5712 | Temple   | Became a worshipper of Qazlal Stormbringer
  5750 | D:7      | Reached XP level 9. HP: 82/82 MP: 9/9
  5806 | D:7      | Found a flagged portal.
  5826 | Bailey   | Entered a bailey
  5911 | Bailey   | Noticed an orc warlord
  5911 | Bailey   | Noticed an orc knight
  6171 | D:7      | Reached * piety under Qazlal
  6188 | D:7      | Reached skill level 8 in Long Blades
  6371 | D:7      | Noticed Harold
  6396 | D:7      | Noticed Harold
  6396 | D:7      | Harold changed into Harold the swamp worm
  6413 | D:7      | HP: 4/82 [something (13)]
  6431 | D:7      | Killed Harold the swamp worm
  6599 | D:7      | XOM: give mutations
  6599 | D:7      | Gained mutation: You are agile. (Dex +2) [Xom's grace]
  6599 | D:7      | Gained mutation: You are resistant to electric shocks. (rElec) [Xom's grace]
  6599 | D:7      | Gained mutation: You evolve. [Xom's grace]
  6599 | D:7      | Gained mutation: Your spells are a little harder to cast, but a little more powerful. [Xom's grace]
  6734 | D:8      | XOM: polymorph orc warrior -> bullfrog
  6883 | D:8      | Reached skill level 9 in Long Blades
  7085 | D:8      | XOM: confusion
  7137 | D:8      | Gained mutation: You can translocate small distances at will. [evolution]
  7600 | D:8      | Reached ** piety under Qazlal
  7612 | D:8      | Noticed Joseph
  7640 | D:8      | HP: 4/85 [something (12)]
  7748 | Temple   | XOM: draining
  8093 | D:7      | Reached XP level 10. HP: 76/92 MP: 10/10
  8225 | D:8      | HP: 3/92 [Joseph/uncursed quarterstaff of protection (13)]
  8229 | D:8      | Killed Joseph
  8229 | D:8      | Reached skill level 10 in Long Blades
  8546 | D:7      | XOM: noise
  8950 | D:8      | XOM: medium Hex miscast
  8974 | D:9      | XOM: scenery: create altars
  8993 | D:9      | Learned a level 3 spell: Regeneration
  8999 | D:9      | Learned a level 5 spell: Venom Bolt
  9111 | D:8      | XOM: give mutations
  9111 | D:8      | Gained mutation: You tend to lose your temper in combat. [Xom's mischief]
  9111 | D:8      | Lost mutation: You are robust. (+10% HP) [Xom's mischief]
  9244 | D:9      | Reached skill level 1 in Conjurations
  9381 | D:9      | XOM: divination: detect creatures
  9407 | D:9      | Found a blossoming altar of Fedhas.
  9501 | D:9      | Noticed a two-headed ogre
  9532 | D:9      | Killed a two-headed ogre
  9532 | D:9      | Reached skill level 1 in Short Blades
  9808 | D:9      | Found a burning altar of Makhleb.
  9832 | D:9      | XOM: enchant monster (good)
  9923 | D:9      | Reached *** piety under Qazlal
 10423 | D:10     | Entered Level 10 of the Dungeon
 10546 | D:10     | XOM: blink monster(s)
 10961 | D:9      | XOM: noise
 10988 | D:10     | Noticed a death yak
 11001 | D:9      | XOM: mild Ice miscast
 11048 | D:10     | Reached skill level 1 in Spellcasting
 11143 | D:9      | XOM: medium Necr miscast
 11169 | D:9      | XOM: mild Fire miscast
 11280 | D:10     | Noticed a death yak
 11280 | D:10     | Noticed a death yak
 11316 | D:9      | Killed a death yak
 11316 | D:9      | Reached skill level 1 in Charms
 11316 | D:9      | Reached XP level 11. HP: 93/93 MP: 11/13
 11774 | D:10     | Reached skill level 1 in Necromancy
 11862 | D:10     | Noticed a two-headed hydra
 12194 | D:9      | XOM: mild Ice miscast
 12334 | D:10     | Found Uvvugaet's Antique Weapon Shoppe.
 12342 | D:10     | Bought a runed long sword for 123 gold pieces
 12481 | D:10     | Found a staircase to the Lair.
 12547 | D:10     | XOM: noise
 12701 | D:10     | XOM: mild Necr miscast
 12882 | D:10     | XOM: divination: detect items
 12975 | D:10     | Reached **** piety under Qazlal
 13026 | D:10     | XOM: harmless Pois miscast
 13078 | D:9      | HP: 4/95 [death yak (23)]
 13078 | D:9      | XOM: harmless Erth miscast
 13181 | D:8      | XOM: silly message
 13299 | D:8      | Gained mutation: You passively map a small area around you. [evolution]
 13521 | D:11     | Got an encrusted war axe
 13523 | D:11     | Identified the cursed +1 war axe of Mandamus {freeze, rC+ Int+4} (You found it on level 11 of the Dungeon)
 13560 | D:11     | Reached skill level 1 in Invocations
 13644 | D:10     | XOM: silly message
 13840 | D:10     | HP: 4/95 [red devil/trident (21)]
 13847 | D:10     | HP: 1/142 [red devil/trident (14)]
 13848 | D:10     | Mangled by a red devil

Skill      XL: |  1  2  3  4  5  6  7  8  9 10 11 |
---------------+----------------------------------+-----
Fighting       | 4 5 6 8 |  8.7
Long Blades    | 4 5 6 7 9 10 | 10.6
Stealth        | 1 2 4 5 6 |  6.8
Dodging        | 3 4 5 6 7 |  7.8
Conjurations   | 3 4 |  4.3
Short Blades   | 3 4 |  4.7
Spellcasting   | 1 2 |  2.3
Charms         | 1 2 |  2.0
Necromancy     | 1 |  1.8
Invocations    | 1 |  1.5
Throwing       | |  0.1
Poison Magic   | |  0.7

Action                   |  1- 3 |  4- 6 |  7- 9 | 10-12 || total
-------------------------+-------+-------+-------+-------++-------
Melee: Falchion          |   107 |   203 |   462 |    83 ||   855
       Tailslap          |    12 |    31 |    80 |    66 ||   189
       Halberd           |       |     3 |       |       ||     3
       Rapier            |       |       |       |   269 ||   269
       Long sword        |       |       |       |    77 ||    77
Throw: Throwing net      |       |       |     1 |     1 ||     2
 Cast: Regeneration      |       |       |       |    29 ||    29
Invok: Upheaval          |       |       |     1 |     4 ||     5
 Abil: Fly               |       |     1 |       |       ||     1
       Breathe Dispellin |       |       |    17 |    16 ||    33
       Blink             |       |       |       |     1 ||     1
Evoke: Wand              |       |       |       |     2 ||     2
  Use: Potion            |       |       |    10 |     6 ||    16
       Scroll            |       |       |    10 |     4 ||    14
 Stab: Paralysed         |     1 |     1 |     2 |     2 ||     6
       Sleeping          |     2 |    10 |     4 |       ||    16
       Petrified         |       |     5 |     1 |     2 ||     8
       Confused          |       |     2 |     2 |       ||     4
       Petrifying        |       |       |     1 |     2 ||     3
       Distracted        |       |       |     1 |       ||     1
       Held in net/web   |       |       |     1 |       ||     1
  Eat: Chunk             |     1 |     7 |    17 |     8 ||    33
       Ration            |       |       |     1 |     6 ||     7
Armor: Skin              |    37 |    68 |   123 |    96 ||   324
Dodge: Dodged            |    65 |   127 |   325 |   324 ||   841
Block: Other             |       |       |    12 |    80 ||    92
       Rpst.: Falchion   |    27 |    45 |    82 |    14 ||   168
       Long sword        |       |       |       |    20 ||    20
